 Dungeon Crawl Stone Soup version 0.28.0-45-g0d030f2227 (webtiles) character file.

Game seed: 17903559038453096805

28 issech the Cudgeller (level 2, -1/29 HPs)
             Began as a Troll Monk on Apr 19, 2022.
             Slain by a hobgoblin (3 damage)
             ... led by Robin
             ... on level 2 of the Dungeon.
             The game lasted 00:03:56 (1410 turns).

issech the Cudgeller (Troll Monk)                   Turns: 1410, Time: 00:03:57

Health: -1/29      AC:  4    Str: 18    XL:     2   Next: 96%
Magic:  1/1        EV: 10    Int:  6    God:
Gold:   44         SH:  0    Dex: 12    Spells: 1/1 levels left

rFire   . . .      SeeInvis .   a - +0 mace
rCold   . . .      Faith    .   (no shield)
rNeg    . . .      Spirit   .   b - +0 robe
rPois   .          Reflect  .   (helmet restricted)
rElec   .          Harm     .   (no cloak)
rCorr   .          Rampage  .   (gloves unavailable)
Will    .....                   (boots unavailable)
Stlth   ++........              (no amulet)
HPRegen 0.89/turn               (no ring)
MPRegen 0.07/turn               (no ring)

@: no status effects
A: large, unfitting armour, claws 3, regeneration 1, shaggy fur 1, tough skin 1
a: no special abilities


You were on level 2 of the Dungeon.
You visited 1 branch of the dungeon, and saw 2 of its levels.

You collected 44 gold pieces.

Inventory:

Hand Weapons
 a - a +0 mace (weapon)
Missiles
 c - 69 stones (quivered)
 e - 5 poisoned darts
 f - 30 bolts
 g - 27 sling bullets
Armour
 b - a +0 robe (worn)
Scrolls
 d - a scroll of amnesia {unknown}


   Skills:
 + Level 2.8 Fighting
 + Level 3.1 Maces & Flails
 + Level 2.6 Dodging
 + Level 1.0 Stealth


You had one spell level left.
You didn't know any spells.
Your spell library contained the following spells:

 Spells                   Type           Power      Damage    Failure   Level
 Borgnjor's Revivificati  Necr           0%         N/A       100%        8
 Necromutation            Tmut/Necr      0%         N/A       100%        8
 Death's Door             Necr           0%         N/A       100%        9


Dungeon Overview and Level Annotations

Branches:
Dungeon (2/15)

Altars:

Annotations:
D:2 Robin


Innate Abilities, Weirdness & Mutations

You are too large for most types of armour.
You have claws for hands.
Your natural rate of healing is unusually fast.
You are covered in fur. (AC +1)
You have tough skin. (AC +1)


Message History

A hobgoblin comes into view.
The hobgoblin shouts! x2; You hear a shout!
Robin of the Strong Arm comes into view.
They are wielding a +0 club and wearing the +0 helmet "Hero's Friend" {MP+9 Str+2}.
The goblin shouts!
A goblin comes into view. It is wielding a +0 dagger.
The rat twitches its whiskers.
Robin throws the goblin at you! The goblin hits you with a +0 club.
A goblin comes into view. It is wielding a +0 club.
You sock the goblin!
You kill the goblin!
Robin throws the goblin at you! The goblin hits you with a +0 club.
The goblin hits you but does no damage. The rat bites you but does no damage.
A goblin comes into view. It is wielding a +0 dagger.
Robin throws the goblin at you!
A goblin comes into view. It is wielding a +0 club.
The goblin hits you with a +0 dagger. Robin throws the goblin at you!
The goblin closely misses you.
You barely miss the goblin. The goblin barely misses you.
The goblin hits you with a +0 club. The goblin hits you with a +0 dagger.
The goblin hits you with a +0 club. The hobgoblin hits you.
The goblin hits you with a +0 club.
A quokka comes into view.
The hobgoblin misses you. The hobgoblin closely misses you.
The hobgoblin hits you but does no damage.
The goblin hits you but does no damage. x2
You closely miss the goblin.
The hobgoblin hits you but does no damage.
The goblin hits you with a +0 club. The goblin completely misses you.
The goblin hits you but does no damage. The hobgoblin misses you.
You closely miss the goblin. The goblin hits you but does no damage.
The goblin hits you with a +0 club. The goblin completely misses you.
Robin roars a battlecry!
The goblins go into a battle-frenzy!
The hobgoblin barely misses you. The goblin hits you with a +0 club.
* * * LOW HITPOINT WARNING * * *
The goblin hits you with a +0 club.
* * * LOW HITPOINT WARNING * * *
You barely miss the goblin. The goblin hits you but does no damage.
The goblin closely misses you. The hobgoblin hits you.
You die...

. .... ......
.......
.......
.......#####
......gg@gg#
......rgggg#
......ggg..#
#.#.......####
.
#....).......
#..........r.
#.........####
#.......###..
#............


You could see Robin, 3 hobgoblins, 7 goblins and a rat.

Vanquished Creatures
  A dart slug (D:1)
  2 bats (D:1)
  2 endoplasms (D:1)
  4 goblins
  5 hobgoblins (D:1)
  A quokka (D:1)
  2 ball pythons (D:1)
  A frilled lizard (D:1)
  3 kobolds
21 creatures vanquished.

Notes
Turn   | Place    | Note
-------+----------+-------------------------------------------
     0 | D:1      | issech the Troll Monk began the quest for the Orb.
     0 | D:1      | Reached XP level 1. HP: 22/22 MP: 0/0
   185 | D:1      | Reached XP level 2. HP: 26/29 MP: 1/1
   321 | D:1      | Reached skill level 3 in Maces & Flails
   707 | D:1      | Found a faded altar of an unknown god.
  1400 | D:2      | Identified the +0 helmet "Hero's Friend" {MP+9 Str+2}
  1400 | D:2      | Noticed Robin
  1409 | D:2      | HP: 1/29 [goblin/+0 club[Robin] (5)]
  1410 | D:2      | Slain by a hobgoblin

Illustrated notes

Levels and vault maps discovered:
D:1:      dpeg_arrival_morbid_curiosity, layout_basic,
          nicolae_ecumenical_lake_church, minmay_misc_feat_diagonals
D:2:      layout_basic, minmay_randomly_rotated_circles, uniq_robin

Skill      XL: |  1  2 |
---------------+-------+-----
Maces & Flails | 3 |  3.1
Fighting       | |  2.8
Dodging        | |  2.6
Stealth        | |  1.0

Action                   || total
-------------------------++-------
Melee: Mace              ||    66
 Stab: Sleeping          ||     1
Armor: Robe              ||    42
Dodge: Dodged            ||    49
